 Dungeon Crawl Stone Soup version 0.22.1-6-g1668fe2 (webtiles) character file.

446 Tiagovsky the Magician (level 6, -4/36 HPs)
             Began as a Deep Elf Fire Elementalist on Jan 20, 2019.
             Was an Initiate of Sif Muna.
             Shot with an arrow by a centaur (9 damage)
             ... on level 5 of the Dungeon.
             The game lasted 00:21:56 (6665 turns).

Tiagovsky the Magician (Deep Elf Fire Elementalist) Turns: 6665, Time: 00:21:56

Health: -4/36      AC:  2    Str:  6    XL:     6   Next: 73%
Magic:  10/16      EV: 12    Int: 21    God:    Sif Muna [......]
Gold:   209        SH:  0    Dex: 15    Spells: 12/15 levels left

rFire    . . .     SeeInvis .   q - +2 whip (distort)
rCold    . . .     Gourm    .   (no shield)
rNeg     . . .     Faith    .   r - -2 leather armour (curse)
rPois    .         Spirit   .   l - +0 helmet
rElec    .         Reflect  .   (no cloak)
rCorr    .         Harm     .   (no gloves)
MR       .....                  (no boots)
Stlth    ++........             (no amulet)
HPRegen  0.12/turn              (no ring)
MPRegen  0.15/turn              (no ring)

@: no status effects
A: no striking features
a: Renounce Religion


You were on level 5 of the Dungeon.
You worshipped Sif Muna.
Sif Muna was noncommittal.
You were not hungry.

You visited 2 branches of the dungeon, and saw 6 of its levels.

You collected 209 gold pieces.

Inventory:

Hand Weapons
 e - a +3 short sword
 k - a +0 short sword of flaming
 m - a +0 hunting sling
 q - a +2 whip of distortion (weapon)
 s - a cursed +0 flail
Missiles
 d - 149 stones (quivered)
Armour
 a - a +0 robe
 h - a +2 ring mail of fire resistance
 l - a +0 helmet (worn)
 r - a cursed -2 leather armour (worn)
Jewellery
 n - an uncursed amulet of the acrobat
Wands
 f - a wand of acid (11)
Scrolls
 p - a scroll of identify
 u - a scroll of blinking
 v - a scroll of fear
Potions
 b - a potion of berserk rage {unknown}
 g - 3 potions of curing {unknown}
 i - a potion of lignification {unknown}
Comestibles
 c - 12 rations
 j - 2 chunks of flesh


   Skills:
 + Level 2.6 Fighting
 + Level 0.1 Maces & Flails
 + Level 2.5 Dodging
 - Level 2.4 Stealth
 + Level 5.4 Spellcasting
 + Level 3.7 Conjurations
 + Level 5.0 Fire Magic


You had 12 spell levels left.
You knew the following spells:

 Your Spells              Type           Power        Failure   Level  Hunger
a - Flame Tongue          Conj/Fire      ###..        2%          1    None
b - Throw Flame           Conj/Fire      ###...       4%          2    None

Your spell library contained the following spells:

 Spells                   Type           Power        Failure   Level  Hunger
 Conjure Flame            Conj/Fire      ###.....     8%          3    ##.....
 Inner Flame              Hex/Fire       ###.....     17%         3    ##.....
 Sticky Flame             Conj/Fire      ###.....     26%         4    ####...
 Fireball                 Conj/Fire      ###.......   58%         5    #####..


Dungeon Overview and Level Annotations

Branches:
Dungeon (5/15)             Temple (1/1) D:4

Altars:
Cheibriados
Dithmenos
Elyvilon
Fedhas
Gozag
Makhleb
Nemelex Xobeh
Okawaru
Qazlal
Ru
Sif Muna
Trog
Uskayaw
Vehumet
Wu Jian
Xom
Zin


Message History

Aiming: Throw Flame (safe; 4% risk of failure)
Press: ? - help, Shift-Dir - straight line, f/p - centaur
Aim: a centaur, wielding a shortbow (lightly wounded)
The puff of flame hits the centaur.
The centaur is heavily wounded.
The centaur shoots an arrow.
The arrow misses you.
The centaur shoots an arrow.
The arrow hits you!
You hear a shout!
Casting: Throw Flame (safe; 4% risk of failure)
Confirm with . or Enter, or press ? or * to list all spells.
Aiming: Throw Flame (safe; 4% risk of failure)
Press: ? - help, Shift-Dir - straight line, f/p - centaur
Aim: a centaur, wielding a shortbow (heavily wounded)
The puff of flame hits the centaur.
The centaur is heavily wounded.
A centaur comes into view.
The centaur shoots an arrow.
The arrow hits you!
* * * LOW HITPOINT WARNING * * *
The centaur wields a shortbow.
The centaur shoots an arrow.
The arrow hits you!
You die...

# ######
#.##....
#.....###c##
#(......c
#@####.##
#.# #<#
#########.#
..........#
########..#
#..# #..#
#######รท.#


You could see 2 centaurs.

Vanquished Creatures
  A phantom (D:4)
  A hound (D:5)
  A bullfrog skeleton (D:4)
  A centaur skeleton (D:4)
  3 worker ants (D:4)
  2 adders
  3 oozes (D:1)
  3 dart slugs
  4 leopard geckos
  6 orcs
  2 bat skeletons (D:4)
  3 giant cockroaches
  8 goblins
  6 hobgoblins
  7 jackals (D:1)
  4 kobolds
  2 quokkas (D:3)
  A ball python (D:3)
  20 bats
  9 frilled lizards
  A leopard gecko skeleton (D:5)
  A quokka skeleton (D:2)
  17 rats
106 creatures vanquished.

Notes
Turn   | Place    | Note
-------+----------+-------------------------------------------
     0 | D:1      | Tiagovsky the Deep Elf Fire Elementalist began the quest
                  | for the Orb.
     0 | D:1      | Reached XP level 1. HP: 10/10 MP: 6/6
    38 | D:1      | Reached XP level 2. HP: 8/16 MP: 1/8
   398 | D:1      | Learned a level 2 spell: Throw Flame
   692 | D:1      | Reached XP level 3. HP: 20/20 MP: 6/10
   845 | D:1      | Reached skill level 1 in Fighting
  1761 | D:1      | Found a sparkling altar of Nemelex Xobeh.
  2163 | D:2      | Reached XP level 4. HP: 25/25 MP: 8/11
  3038 | D:2      | Found a shadowy altar of Dithmenos.
  4613 | D:4      | Reached XP level 5. HP: 25/30 MP: 9/13
  4687 | D:4      | Found a bloodstained altar of Trog.
  4708 | D:4      | Noticed a phantom
  4743 | D:4      | Killed a phantom
  4975 | D:4      | Reached skill level 5 in Spellcasting
  4975 | D:4      | Reached XP level 6. HP: 26/35 MP: 8/15
  5290 | D:4      | Found a staircase to the Ecumenical Temple.
  5296 | Temple   | Entered the Ecumenical Temple
  5537 | Temple   | Became a worshipper of Sif Muna the Loreminder
  5973 | D:4      | Reached skill level 5 in Fire Magic
  6216 | D:4      | HP: 1/36 [fire bat (1)]
  6576 | D:5      | Entered Level 5 of the Dungeon
  6665 | D:5      | Shot with an arrow by a centaur

Skill      XL: |  1  2  3  4  5  6 |
---------------+-------------------+-----
Fighting       | 1 2 |  2.6
Conjurations   | 2 3 |  3.7
Spellcasting   | 4 5 |  5.4
Fire Magic     | 4 5 |  5.0
Maces & Flails | |  0.1
Dodging        | |  2.5
Stealth        | |  2.4

Action                   |  1- 3 |  4- 6 || total
-------------------------+-------+-------++-------
Melee: Dagger            |    14 |       ||    14
       Short sword       |     5 |     1 ||     6
       Rapier            |       |     7 ||     7
Throw: Stone             |     8 |    11 ||    19
 Cast: Flame Tongue      |   107 |   118 ||   225
       Throw Flame       |     1 |    18 ||    19
  Use: Scroll            |     1 |     8 ||     9
  Eat: Chunk             |     4 |     9 ||    13
       Ration            |       |     2 ||     2
Armor: Robe              |    11 |    16 ||    27
Dodge: Dodged            |    59 |    53 ||   112
